Connexion

CALGARY Flames vs SAN JOSE Sharks (R2)

Created - 8 octobre 2023 at 05:52

Goals
1 2 3 T
CALGARY Flames 2 0 5 7
SAN JOSE Sharks 3 0 0 3
Shots
1 2 3 T
CALGARY Flames 10 6 16 32
SAN JOSE Sharks 18 8 17 43

GoalsPenalties
1st period
1. CALGARY Flames , Max Pacioretty 4 (John Klingberg 17) at 5:14
2. SAN JOSE Sharks , Derek Stepan 11 (Zemgus Girgensons 15, Ondrej Palat 19) at 13:32 (PP)
3. SAN JOSE Sharks , Mike Hoffman 13 (Vincent Desharnais 6, Tom Wilson 14) at 16:58
4. CALGARY Flames , Sidney Crosby 7 (John Klingberg 18, Kevin Fiala 13) at 18:08 (PP)
5. SAN JOSE Sharks , Derek Stepan 12 (Zemgus Girgensons 16, Ondrej Palat 20) at 19:50
Josh Anderson (S.J) for Holding (Minor) at 2:09
Carter Rowney (CGY) for Holding (Minor) at 5:21
John Klingberg (CGY) for High sticking (Minor) at 9:10
J.J Moser (CGY) for High sticking (Minor) at 12:50
Tom Wilson (S.J) for Holding (Minor) at 17:38
2nd period
No Goal
Lucas Raymond (S.J) for Tripping (Minor) at 7:59
Michael McLeod (S.J) for Holding (Minor) at 13:09
Tom Wilson (S.J) for Roughing (Minor) at 14:44
3rd period
6. CALGARY Flames , Nick Schmaltz 7 (John Klingberg 19) at 6:23 (PP)
7. CALGARY Flames , Nick Schmaltz 8 (Miro Heiskanen 7, Max Pacioretty 9) at 6:46
8. CALGARY Flames , Max Pacioretty 5 (Jakub Voracek 6, John Klingberg 20) at 11:15 (PP)
9. CALGARY Flames , Andrew Cogliano 2 (Ryan Suter 7, J.J Moser 10) at 19:23
10. CALGARY Flames , Seth Jones 6 (Teuvo Teravainen 18, Sidney Crosby 17) at 19:35
Zemgus Girgensons (S.J) for Slashing (Minor) at 4:49
Tom Wilson (S.J) for Roughing (Minor) at 7:06
Ondrej Palat (S.J) for Hooking (Minor) at 10:43
Teuvo Teravainen (CGY) for Hooking (Minor) at 11:47
Goalie Stats
Marc-Andre Fleury (CGY), 40 saves from 43 shots - (0,930), W, 8-7-1, 60:00 minutes
Brian Elliott (S.J), 25 saves from 32 shots - (0,781), L, 5-9-1, 60:00 minutes
3 StarsOfficial
1 - Max Pacioretty (CGY)
2 - Nick Schmaltz (CGY)
3 - John Klingberg (CGY)
Referees : Mike Hasenfratz and Brad Watson
Linesman : Scott Cherrey and Jay Sharrers
Game Note
No Game Note
Finance
Level 1 -- Attendance: 6000 (100,00%) -- Ticket Income 732 000 $
Level 2 -- Attendance: 4496 (100,00%) -- Ticket Income 386 656 $
Level 3 -- Attendance: 2000 (100,00%) -- Ticket Income 110 000 $
Level 4 -- Attendance: 3166 (79,15%) -- Ticket Income 126 640 $
Luxury Box -- Attendance: 1000 (100,00%) -- Ticket Income 240 000 $
Game was played at the HP Pavilion.
Total Attendance: 16662 (95,23%)
Total Ticket Income: 1 595 296 $
Other Income: 319 059 $
Total Income: 1 914 355 $



Team Name Goals Shots Shots Attemp Shots Blocked PIM HIT PP PK FO%
CALGARY Flames 73247108223 / 8 (38%)155%
SAN JOSE Sharks 34381416171 / 4 (25%)345%

CALGARY Flames
Player Name POS G A P +/- PIM HIT SHT SB MP PP MP PP SHT PK MP PK SHT FO% FOT
Alex NewhookC000000008:200:0000:00078% 9
Andrew CoglianoC/LW/RW101100105:120:0000:0000% 0
Blake ColemanC/LW/RW000101206:000:0000:4800% 0
Carter Rowney C/RW000020009:490:0001:30050% 2
J.J MoserD0111201211:170:0000:1800% 0
Jakub VoracekLW/RW0111013023:265:4734:21033% 3
John KlingbergD0441222325:046:1722:5500% 0
Juuso ValimakiD0000040021:055:5000:5400% 0
Kevin FialaLW/RW0110044020:446:2000:0000% 2
Max PaciorettyLW2131042019:055:4710:0000% 0
Miro HeiskanenD0111011224:426:1712:3200% 0
Nick SchmaltzC2021005023:265:4734:21144% 34
Nils HoglanderLW000001008:200:0000:0000% 1
Ryan HartmanC/RW000100005:120:0000:00060% 5
Ryan SuterD0111021213:320:0002:3200% 0
Seth JonesD1010023124:185:5024:0700% 0
Sidney CrosbyC1120003023:026:2012:18064% 42
Teuvo TeravainenC/LW/RW0110204020:436:2010:0000% 0
SAN JOSE Sharks
Player Name POS G A P +/- PIM HIT SHT SB MP PP MP PP SHT PK MP PK SHT FO% FOT
Brendan PerliniLW/RW000000005:190:0001:2700% 0
Christian JarosD000-2002022:122:3625:3800% 0
Cody CeciD0002011010:380:0000:0000% 0
Connor BrownRW000-201308:520:0000:0000% 0
Derek StepanC/LW/RW2020007021:304:1433:10150% 4
Erik HaulaC/LW000-200308:520:0000:00036% 11
Josh AndersonRW000020207:030:0003:12033% 3
Lucas RaymondLW000-220208:510:0000:0000% 0
Marcus PetterssonD000-2013227:104:0306:2900% 0
Michael McLeodC000021003:510:0000:00033% 6
Mike HoffmanC/LW1010005016:492:2510:0000% 2
Nathan BeaulieuD000-2031122:122:3615:3800% 0
Ondrej PalatLW0220233025:354:1427:1600% 2
Rasmus RistolainenD000-2031127:104:0316:2900% 0
Sean Couturier C0000001017:272:2510:38052% 25
Tom WilsonRW0110633018:382:2501:51050% 2
Vincent DesharnaisD0112010010:380:0000:0000% 0
Zemgus GirgensonsC/LW/RW0220206024:344:1426:15049% 43



Play-by-Play

1st period


0:01 of 1st period - Zemgus Girgensons wins face-off versus Sidney Crosby in neutral zone.
0:42 of 1st period - Shot by Sidney Crosby.
0:42 of 1st period - Deflect By Teuvo Teravainen.
0:42 of 1st period - Stopped by Brian Elliott without a rebound.
0:43 of 1st period - Nick Schmaltz wins face-off versus Tom Wilson in SAN JOSE Sharks zone.
1:08 of 1st period - Shot by Max Pacioretty.
1:08 of 1st period - Shot Misses the Net.
2:03 of 1st period - Icing by Ryan Suter.
2:04 of 1st period - Alex Newhook wins face-off versus Michael McLeod in CALGARY Flames zone.
2:04 of 1st period - Alex Newhook is hit by Michael McLeod.
2:09 of 1st period - Minor Penalty to Josh Anderson for Holding.
2:10 of 1st period - Sidney Crosby wins face-off versus Zemgus Girgensons in SAN JOSE Sharks zone.
3:31 of 1st period - Shot by Nick Schmaltz.
3:31 of 1st period - Stopped by Brian Elliott without a rebound.
3:32 of 1st period - Zemgus Girgensons wins face-off versus Sidney Crosby in SAN JOSE Sharks zone.
4:01 of 1st period - Zemgus Girgensons is hit by Kevin Fiala and loses puck.
4:38 of 1st period - Shot by Blake Coleman.
4:38 of 1st period - Stopped by Brian Elliott without a rebound.
4:39 of 1st period - Erik Haula wins face-off versus Nick Schmaltz in SAN JOSE Sharks zone.
5:14 of 1st period - Shot by Max Pacioretty.
5:14 of 1st period - Goal by Max Pacioretty - CALGARY Flames : 1 - SAN JOSE Sharks : 0.
5:15 of 1st period - Alex Newhook wins face-off versus Zemgus Girgensons in neutral zone.
5:21 of 1st period - Minor Penalty to Carter Rowney for Holding.
5:22 of 1st period - Zemgus Girgensons wins face-off versus Jakub Voracek in CALGARY Flames zone.
5:33 of 1st period - Shot by Derek Stepan.
5:33 of 1st period - Deflect By Ondrej Palat.
5:33 of 1st period - Stopped by Marc-Andre Fleury without a rebound.
5:34 of 1st period - Sean Couturier wins face-off versus Nick Schmaltz in CALGARY Flames zone.
5:40 of 1st period - Tom Wilson is hit by Ryan Suter and loses puck.
5:57 of 1st period - Shot by Mike Hoffman.
5:57 of 1st period - Stopped by Marc-Andre Fleury without a rebound.
5:58 of 1st period - Sidney Crosby wins face-off versus Zemgus Girgensons in CALGARY Flames zone.
5:58 of 1st period - Sidney Crosby is hit by Ondrej Palat.
6:22 of 1st period - Shot by Nick Schmaltz.
6:22 of 1st period - Stopped by Brian Elliott without a rebound.
6:23 of 1st period - Sidney Crosby wins face-off versus Sean Couturier in SAN JOSE Sharks zone.
6:33 of 1st period - Shot by Mike Hoffman.
6:33 of 1st period - Shot Misses the Net.
6:37 of 1st period - Shot by Rasmus Ristolainen.
6:37 of 1st period - Stopped by Marc-Andre Fleury without a rebound.
6:38 of 1st period - Nick Schmaltz wins face-off versus Ondrej Palat in CALGARY Flames zone.
7:09 of 1st period - Shot by Zemgus Girgensons.
7:09 of 1st period - Shot Misses the Net.
7:11 of 1st period - Shot by Christian Jaros.
7:11 of 1st period - Stopped by Marc-Andre Fleury without a rebound.
7:12 of 1st period - Sean Couturier wins face-off versus Nick Schmaltz in CALGARY Flames zone.
7:25 of 1st period - Shot by Erik Haula.
7:25 of 1st period - Shot Blocked by J.J Moser.
7:32 of 1st period - Teuvo Teravainen is hit by Vincent Desharnais and loses puck.
7:37 of 1st period - Shot by Teuvo Teravainen.
7:37 of 1st period - Stopped by Brian Elliott with a rebound.
7:39 of 1st period - Shot by Sidney Crosby.
7:39 of 1st period - Stopped by Brian Elliott without a rebound.
7:40 of 1st period - Sean Couturier wins face-off versus Alex Newhook in SAN JOSE Sharks zone.
7:47 of 1st period - Icing by Alex Newhook.
7:48 of 1st period - Alex Newhook wins face-off versus Derek Stepan in CALGARY Flames zone.
8:06 of 1st period - Icing by Zemgus Girgensons.
8:07 of 1st period - Zemgus Girgensons wins face-off versus Kevin Fiala in SAN JOSE Sharks zone.
8:07 of 1st period - Derek Stepan is hit by Kevin Fiala and loses puck.
8:14 of 1st period - Shot by Kevin Fiala.
8:14 of 1st period - Stopped by Brian Elliott without a rebound.
8:15 of 1st period - Sean Couturier wins face-off versus Sidney Crosby in SAN JOSE Sharks zone.
8:26 of 1st period - Shot by Kevin Fiala.
8:26 of 1st period - Stopped by Brian Elliott without a rebound.
8:27 of 1st period - Zemgus Girgensons wins face-off versus Nick Schmaltz in SAN JOSE Sharks zone.
8:49 of 1st period - Shot by Derek Stepan.
8:49 of 1st period - Shot Misses the Net.
8:51 of 1st period - Shot by Derek Stepan.
8:51 of 1st period - Stopped by Marc-Andre Fleury without a rebound.
8:52 of 1st period - Sidney Crosby wins face-off versus Sean Couturier in CALGARY Flames zone.
9:03 of 1st period - Shot by Tom Wilson.
9:03 of 1st period - Shot Misses the Net.
9:10 of 1st period - Minor Penalty to John Klingberg for High sticking.
9:11 of 1st period - Zemgus Girgensons wins face-off versus Nick Schmaltz in CALGARY Flames zone.
9:55 of 1st period - Zemgus Girgensons is hit by Juuso Valimaki and loses puck.
10:28 of 1st period - Shot by Mike Hoffman.
10:28 of 1st period - Shot Blocked by Miro Heiskanen.
10:30 of 1st period - Shot by Christian Jaros.
10:30 of 1st period - Stopped by Marc-Andre Fleury with a rebound.
10:59 of 1st period - Icing by Marcus Pettersson.
11:00 of 1st period - Sidney Crosby wins face-off versus Zemgus Girgensons in SAN JOSE Sharks zone.
11:12 of 1st period - Lucas Raymond is hit by John Klingberg.
12:21 of 1st period - Shot by Mike Hoffman.
12:21 of 1st period - Stopped by Marc-Andre Fleury with a rebound.
12:50 of 1st period - Minor Penalty to J.J Moser for High sticking.
12:51 of 1st period - Zemgus Girgensons wins face-off versus Nick Schmaltz in CALGARY Flames zone.
13:30 of 1st period - Shot by Zemgus Girgensons.
13:30 of 1st period - Shot Misses the Net.
13:32 of 1st period - Shot by Derek Stepan.
13:32 of 1st period - Goal by Derek Stepan - CALGARY Flames : 1 - SAN JOSE Sharks : 1.
13:33 of 1st period - Michael McLeod wins face-off versus Nils Hoglander in neutral zone.
13:42 of 1st period - Shot by Michael McLeod.
13:42 of 1st period - Shot Misses the Net.
13:44 of 1st period - Shot by Brendan Perlini.
13:44 of 1st period - Deflect By Josh Anderson.
13:44 of 1st period - Stopped by Marc-Andre Fleury without a rebound.
13:45 of 1st period - Sean Couturier wins face-off versus Sidney Crosby in CALGARY Flames zone.
13:54 of 1st period - Shot by Mike Hoffman.
13:54 of 1st period - Stopped by Marc-Andre Fleury without a rebound.
13:55 of 1st period - Tom Wilson wins face-off versus Alex Newhook in CALGARY Flames zone.
15:18 of 1st period - Shot by Max Pacioretty.
15:18 of 1st period - Shot Misses the Net.
16:25 of 1st period - Off-side.
16:26 of 1st period - Carter Rowney wins face-off versus Erik Haula in neutral zone.
16:40 of 1st period - Shot by Lucas Raymond.
16:40 of 1st period - Shot Blocked by Ryan Suter.
16:42 of 1st period - Shot by Rasmus Ristolainen.
16:42 of 1st period - Shot Blocked by J.J Moser.
16:44 of 1st period - Shot by Erik Haula.
16:44 of 1st period - Stopped by Marc-Andre Fleury with a rebound.
16:46 of 1st period - Shot by Connor Brown.
16:46 of 1st period - Shot Misses the Net.
16:48 of 1st period - Shot by Marcus Pettersson.
16:48 of 1st period - Stopped by Marc-Andre Fleury without a rebound.
16:49 of 1st period - Sean Couturier wins face-off versus Nick Schmaltz in CALGARY Flames zone.
16:54 of 1st period - Shot by Tom Wilson.
16:54 of 1st period - Shot Misses the Net.
16:58 of 1st period - Shot by Mike Hoffman.
16:58 of 1st period - Goal by Mike Hoffman - CALGARY Flames : 1 - SAN JOSE Sharks : 2.
16:59 of 1st period - Nick Schmaltz wins face-off versus Sean Couturier in neutral zone.
16:59 of 1st period - Nick Schmaltz is hit by Tom Wilson.
17:24 of 1st period - Mike Hoffman is hit by Seth Jones and loses puck.
17:38 of 1st period - Minor Penalty to Tom Wilson for Holding.
17:39 of 1st period - Zemgus Girgensons wins face-off versus Sidney Crosby in SAN JOSE Sharks zone.
17:49 of 1st period - Kevin Fiala is hit by Nathan Beaulieu and loses puck.
18:08 of 1st period - Shot by Sidney Crosby.
18:08 of 1st period - Goal by Sidney Crosby - CALGARY Flames : 2 - SAN JOSE Sharks : 2.
18:09 of 1st period - Ryan Hartman wins face-off versus Erik Haula in neutral zone.
18:12 of 1st period - Cody Ceci is hit by Blake Coleman and loses puck.
18:19 of 1st period - Shot by Lucas Raymond.
18:19 of 1st period - Stopped by Marc-Andre Fleury without a rebound.
18:20 of 1st period - Nick Schmaltz wins face-off versus Sean Couturier in CALGARY Flames zone.
18:29 of 1st period - Shot by Tom Wilson.
18:29 of 1st period - Stopped by Marc-Andre Fleury with a rebound.
19:12 of 1st period - Icing by Seth Jones.
19:13 of 1st period - Zemgus Girgensons wins face-off versus Nick Schmaltz in CALGARY Flames zone.
19:34 of 1st period - Shot by Zemgus Girgensons.
19:34 of 1st period - Stopped by Marc-Andre Fleury without a rebound.
19:35 of 1st period - Erik Haula wins face-off versus Sidney Crosby in CALGARY Flames zone.
19:40 of 1st period - Shot by Lucas Raymond.
19:40 of 1st period - Stopped by Marc-Andre Fleury without a rebound.
19:41 of 1st period - Zemgus Girgensons wins face-off versus Sidney Crosby in CALGARY Flames zone.
19:48 of 1st period - Shot by Zemgus Girgensons.
19:48 of 1st period - Shot Misses the Net.
19:50 of 1st period - Shot by Derek Stepan.
19:50 of 1st period - Goal by Derek Stepan - CALGARY Flames : 2 - SAN JOSE Sharks : 3.
19:51 of 1st period - Sidney Crosby wins face-off versus Zemgus Girgensons in neutral zone.
Goals for this period are 2 for CALGARY Flames vs 3 for SAN JOSE Sharks .
Shots for this period are 10 for CALGARY Flames vs 18 for SAN JOSE Sharks .

2nd period


0:01 of 2nd period - Sidney Crosby wins face-off versus Zemgus Girgensons in neutral zone.
0:25 of 2nd period - Shot by Derek Stepan.
0:25 of 2nd period - Shot Blocked by John Klingberg.
0:41 of 2nd period - Shot by Teuvo Teravainen.
0:41 of 2nd period - Shot Blocked by Marcus Pettersson.
0:46 of 2nd period - Icing by Rasmus Ristolainen.
0:47 of 2nd period - Alex Newhook wins face-off versus Zemgus Girgensons in SAN JOSE Sharks zone.
0:47 of 2nd period - Nils Hoglander is hit by Rasmus Ristolainen and loses puck.
1:52 of 2nd period - Sean Couturier is hit by Juuso Valimaki and loses puck.
2:14 of 2nd period - Connor Brown is hit by John Klingberg and loses puck.
2:35 of 2nd period - Teuvo Teravainen is hit by Cody Ceci and loses puck.
2:42 of 2nd period - Shot by Kevin Fiala.
2:42 of 2nd period - Stopped by Brian Elliott without a rebound.
2:43 of 2nd period - Jakub Voracek wins face-off versus Michael McLeod in SAN JOSE Sharks zone.
3:26 of 2nd period - Shot by Marcus Pettersson.
3:26 of 2nd period - Stopped by Marc-Andre Fleury without a rebound.
3:27 of 2nd period - Sidney Crosby wins face-off versus Zemgus Girgensons in CALGARY Flames zone.
3:27 of 2nd period - John Klingberg is hit by Ondrej Palat.
3:57 of 2nd period - Shot by Derek Stepan.
3:57 of 2nd period - Shot Misses the Net.
3:59 of 2nd period - Shot by Ondrej Palat.
3:59 of 2nd period - Shot Misses the Net.
4:01 of 2nd period - Shot by Nathan Beaulieu.
4:01 of 2nd period - Shot Blocked by John Klingberg.
4:53 of 2nd period - Icing by Blake Coleman.
4:54 of 2nd period - Ryan Hartman wins face-off versus Erik Haula in CALGARY Flames zone.
5:04 of 2nd period - Off-side.
5:05 of 2nd period - Nick Schmaltz wins face-off versus Michael McLeod in neutral zone.
5:22 of 2nd period - Shot by Jakub Voracek.
5:22 of 2nd period - Shot Blocked by Rasmus Ristolainen.
5:28 of 2nd period - Michael McLeod is hit by Max Pacioretty and loses puck.
5:36 of 2nd period - Marcus Pettersson is hit by Max Pacioretty and loses puck.
5:47 of 2nd period - Shot by Michael McLeod.
5:47 of 2nd period - Shot Misses the Net.
5:49 of 2nd period - Shot by Josh Anderson.
5:49 of 2nd period - Shot Misses the Net.
7:34 of 2nd period - Shot by Mike Hoffman.
7:34 of 2nd period - Stopped by Marc-Andre Fleury with a rebound.
7:58 of 2nd period - Icing by Miro Heiskanen.
7:59 of 2nd period - Sidney Crosby wins face-off versus Erik Haula in CALGARY Flames zone.
7:59 of 2nd period - Minor Penalty to Lucas Raymond for Tripping.
8:00 of 2nd period - Nick Schmaltz wins face-off versus Ondrej Palat in SAN JOSE Sharks zone.
8:25 of 2nd period - Shot by Juuso Valimaki.
8:25 of 2nd period - Shot Misses the Net.
8:58 of 2nd period - Icing by Sidney Crosby.
8:59 of 2nd period - Sidney Crosby wins face-off versus Zemgus Girgensons in CALGARY Flames zone.
9:20 of 2nd period - John Klingberg is hit by Nathan Beaulieu and loses puck.
9:59 of 2nd period - Ondrej Palat is hit by Nils Hoglander.
10:07 of 2nd period - Shot by Lucas Raymond.
10:07 of 2nd period - Shot Hit the Post.
10:38 of 2nd period - Icing by Nils Hoglander.
10:39 of 2nd period - Alex Newhook wins face-off versus Sean Couturier in CALGARY Flames zone.
10:39 of 2nd period - Carter Rowney is hit by Tom Wilson and loses puck.
11:08 of 2nd period - Shot by Sean Couturier .
11:08 of 2nd period - Shot Blocked by Ryan Suter.
11:29 of 2nd period - Icing by Marcus Pettersson.
11:30 of 2nd period - Sean Couturier wins face-off versus Sidney Crosby in SAN JOSE Sharks zone.
11:30 of 2nd period - Sean Couturier is hit by Kevin Fiala.
12:02 of 2nd period - Kevin Fiala is hit by Nathan Beaulieu.
12:40 of 2nd period - Off-side.
12:41 of 2nd period - Michael McLeod wins face-off versus Nick Schmaltz in neutral zone.
13:09 of 2nd period - Minor Penalty to Michael McLeod for Holding.
13:10 of 2nd period - Zemgus Girgensons wins face-off versus Nick Schmaltz in SAN JOSE Sharks zone.
13:32 of 2nd period - Off-side.
13:33 of 2nd period - Sidney Crosby wins face-off versus Zemgus Girgensons in neutral zone.
14:22 of 2nd period - Shot by Seth Jones.
14:22 of 2nd period - Stopped by Brian Elliott without a rebound.
14:23 of 2nd period - Zemgus Girgensons wins face-off versus Nick Schmaltz in SAN JOSE Sharks zone.
14:23 of 2nd period - Zemgus Girgensons is hit by Jakub Voracek.
14:44 of 2nd period - Minor Penalty to Tom Wilson for Roughing.
14:45 of 2nd period - Sidney Crosby wins face-off versus Zemgus Girgensons in SAN JOSE Sharks zone.
14:54 of 2nd period - Shot by Miro Heiskanen.
14:54 of 2nd period - Stopped by Brian Elliott without a rebound.
14:55 of 2nd period - Nick Schmaltz wins face-off versus Zemgus Girgensons in SAN JOSE Sharks zone.
15:08 of 2nd period - Shot by Seth Jones.
15:08 of 2nd period - Shot Misses the Net.
15:10 of 2nd period - Shot by Seth Jones.
15:10 of 2nd period - Stopped by Brian Elliott without a rebound.
15:11 of 2nd period - Sidney Crosby wins face-off versus Zemgus Girgensons in SAN JOSE Sharks zone.
15:46 of 2nd period - Shot by Teuvo Teravainen.
15:46 of 2nd period - Stopped by Brian Elliott with a rebound.
16:40 of 2nd period - Shot by Nick Schmaltz.
16:40 of 2nd period - Shot Blocked by Nathan Beaulieu.
16:42 of 2nd period - Shot by Jakub Voracek.
16:42 of 2nd period - Stopped by Brian Elliott without a rebound.
16:43 of 2nd period - Sidney Crosby wins face-off versus Josh Anderson in SAN JOSE Sharks zone.
16:55 of 2nd period - Mike Hoffman is hit by Ryan Suter and loses puck.
16:58 of 2nd period - Shot by Cody Ceci.
16:58 of 2nd period - Shot Misses the Net.
17:00 of 2nd period - Shot by Cody Ceci.
17:00 of 2nd period - Stopped by Marc-Andre Fleury without a rebound.
17:01 of 2nd period - Alex Newhook wins face-off versus Erik Haula in CALGARY Flames zone.
17:38 of 2nd period - Shot by Erik Haula.
17:38 of 2nd period - Stopped by Marc-Andre Fleury without a rebound.
17:39 of 2nd period - Sean Couturier wins face-off versus Nick Schmaltz in CALGARY Flames zone.
17:52 of 2nd period - Shot by Tom Wilson.
17:52 of 2nd period - Stopped by Marc-Andre Fleury without a rebound.
17:53 of 2nd period - Zemgus Girgensons wins face-off versus Sidney Crosby in CALGARY Flames zone.
17:56 of 2nd period - Shot by Zemgus Girgensons.
17:56 of 2nd period - Stopped by Marc-Andre Fleury without a rebound.
17:57 of 2nd period - Zemgus Girgensons wins face-off versus Nick Schmaltz in CALGARY Flames zone.
18:18 of 2nd period - Shot by Zemgus Girgensons.
18:18 of 2nd period - Shot Misses the Net.
18:20 of 2nd period - Shot by Derek Stepan.
18:20 of 2nd period - Stopped by Marc-Andre Fleury without a rebound.
18:21 of 2nd period - Sidney Crosby wins face-off versus Mike Hoffman in CALGARY Flames zone.
18:21 of 2nd period - Sidney Crosby is hit by Tom Wilson.
18:28 of 2nd period - Off-side.
18:29 of 2nd period - Sean Couturier wins face-off versus Sidney Crosby in neutral zone.
18:36 of 2nd period - Shot by Tom Wilson.
18:36 of 2nd period - Stopped by Marc-Andre Fleury without a rebound.
18:37 of 2nd period - Zemgus Girgensons wins face-off versus Nick Schmaltz in CALGARY Flames zone.
19:00 of 2nd period - Zemgus Girgensons is hit by Max Pacioretty and loses puck.
19:49 of 2nd period - Shot by Mike Hoffman.
19:49 of 2nd period - Shot Misses the Net.
Goals for this period are 0 for CALGARY Flames vs 0 for SAN JOSE Sharks .
Shots for this period are 6 for CALGARY Flames vs 8 for SAN JOSE Sharks .

3rd period


0:01 of 3rd period - Sidney Crosby wins face-off versus Zemgus Girgensons in neutral zone.
0:12 of 3rd period - Shot by Sidney Crosby.
0:12 of 3rd period - Stopped by Brian Elliott without a rebound.
0:13 of 3rd period - Sean Couturier wins face-off versus Nick Schmaltz in SAN JOSE Sharks zone.
1:13 of 3rd period - Shot by Marcus Pettersson.
1:13 of 3rd period - Stopped by Marc-Andre Fleury without a rebound.
1:14 of 3rd period - Zemgus Girgensons wins face-off versus Sidney Crosby in CALGARY Flames zone.
1:22 of 3rd period - Off-side.
1:23 of 3rd period - Zemgus Girgensons wins face-off versus Kevin Fiala in neutral zone.
1:54 of 3rd period - Zemgus Girgensons is hit by Kevin Fiala.
2:06 of 3rd period - Shot by Teuvo Teravainen.
2:06 of 3rd period - Deflect By Sidney Crosby.
2:06 of 3rd period - Shot Misses the Net.
2:26 of 3rd period - Ryan Hartman is hit by Marcus Pettersson.
3:14 of 3rd period - Shot by Lucas Raymond.
3:14 of 3rd period - Shot Blocked by John Klingberg.
3:16 of 3rd period - Shot by Erik Haula.
3:16 of 3rd period - Shot Blocked by Miro Heiskanen.
3:18 of 3rd period - Shot by Connor Brown.
3:18 of 3rd period - Stopped by Marc-Andre Fleury without a rebound.
3:19 of 3rd period - Alex Newhook wins face-off versus Sean Couturier in CALGARY Flames zone.
3:54 of 3rd period - Shot by John Klingberg.
3:54 of 3rd period - Shot Misses the Net.
4:37 of 3rd period - Brendan Perlini is hit by Juuso Valimaki and loses puck.
4:48 of 3rd period - Shot by Josh Anderson.
4:48 of 3rd period - Stopped by Marc-Andre Fleury without a rebound.
4:49 of 3rd period - Nick Schmaltz wins face-off versus Zemgus Girgensons in CALGARY Flames zone.
4:49 of 3rd period - Minor Penalty to Zemgus Girgensons for Slashing.
4:50 of 3rd period - Josh Anderson wins face-off versus Nick Schmaltz in SAN JOSE Sharks zone.
5:09 of 3rd period - Shot by Nick Schmaltz.
5:09 of 3rd period - Stopped by Brian Elliott without a rebound.
5:10 of 3rd period - Sidney Crosby wins face-off versus Sean Couturier in SAN JOSE Sharks zone.
5:51 of 3rd period - Shot by Sidney Crosby.
5:51 of 3rd period - Shot Misses the Net.
6:19 of 3rd period - Shot by Jakub Voracek.
6:19 of 3rd period - Stopped by Brian Elliott without a rebound.
6:20 of 3rd period - Nick Schmaltz wins face-off versus Josh Anderson in SAN JOSE Sharks zone.
6:21 of 3rd period - Shot by John Klingberg.
6:21 of 3rd period - Stopped by Brian Elliott with a rebound.
6:23 of 3rd period - Shot by Nick Schmaltz.
6:23 of 3rd period - Goal by Nick Schmaltz - CALGARY Flames : 3 - SAN JOSE Sharks : 3.
6:24 of 3rd period - Erik Haula wins face-off versus Ryan Hartman in neutral zone.
6:27 of 3rd period - Shot by Connor Brown.
6:27 of 3rd period - Stopped by Marc-Andre Fleury without a rebound.
6:28 of 3rd period - Nick Schmaltz wins face-off versus Erik Haula in CALGARY Flames zone.
6:28 of 3rd period - Nick Schmaltz is hit by Connor Brown.
6:46 of 3rd period - Shot by Nick Schmaltz.
6:46 of 3rd period - Goal by Nick Schmaltz - CALGARY Flames : 4 - SAN JOSE Sharks : 3.
6:47 of 3rd period - Sidney Crosby wins face-off versus Sean Couturier in neutral zone.
7:03 of 3rd period - Shot by Kevin Fiala.
7:03 of 3rd period - Deflect By Teuvo Teravainen.
7:03 of 3rd period - Shot Misses the Net.
7:06 of 3rd period - Minor Penalty to Tom Wilson for Roughing.
7:07 of 3rd period - Nick Schmaltz wins face-off versus Zemgus Girgensons in SAN JOSE Sharks zone.
7:10 of 3rd period - Shot by John Klingberg.
7:10 of 3rd period - Stopped by Brian Elliott without a rebound.
7:11 of 3rd period - Zemgus Girgensons wins face-off versus Sidney Crosby in SAN JOSE Sharks zone.
7:49 of 3rd period - Off-side.
7:50 of 3rd period - Nick Schmaltz wins face-off versus Zemgus Girgensons in neutral zone.
8:45 of 3rd period - Icing by Miro Heiskanen.
8:46 of 3rd period - Derek Stepan wins face-off versus Sidney Crosby in CALGARY Flames zone.
8:47 of 3rd period - Shot by Josh Anderson.
8:47 of 3rd period - Deflect By Derek Stepan.
8:47 of 3rd period - Stopped by Marc-Andre Fleury without a rebound.
8:48 of 3rd period - Sidney Crosby wins face-off versus Derek Stepan in CALGARY Flames zone.
9:54 of 3rd period - Off-side.
9:55 of 3rd period - Sidney Crosby wins face-off versus Zemgus Girgensons in neutral zone.
9:55 of 3rd period - Sidney Crosby is hit by Ondrej Palat.
10:13 of 3rd period - Shot by Teuvo Teravainen.
10:13 of 3rd period - Shot Blocked by Marcus Pettersson.
10:28 of 3rd period - Teuvo Teravainen is hit by Rasmus Ristolainen.
10:43 of 3rd period - Minor Penalty to Ondrej Palat for Hooking.
10:44 of 3rd period - Zemgus Girgensons wins face-off versus Nick Schmaltz in SAN JOSE Sharks zone.
11:13 of 3rd period - Shot by Jakub Voracek.
11:13 of 3rd period - Stopped by Brian Elliott with a rebound.
11:15 of 3rd period - Shot by Max Pacioretty.
11:15 of 3rd period - Goal by Max Pacioretty - CALGARY Flames : 5 - SAN JOSE Sharks : 3.
11:16 of 3rd period - Sean Couturier wins face-off versus Ryan Hartman in neutral zone.
11:37 of 3rd period - Shot by Blake Coleman.
11:37 of 3rd period - Stopped by Brian Elliott without a rebound.
11:38 of 3rd period - Sidney Crosby wins face-off versus Zemgus Girgensons in SAN JOSE Sharks zone.
11:38 of 3rd period - Seth Jones is hit by Rasmus Ristolainen and loses puck.
11:47 of 3rd period - Minor Penalty to Teuvo Teravainen for Hooking.
11:48 of 3rd period - Zemgus Girgensons wins face-off versus Nick Schmaltz in CALGARY Flames zone.
11:51 of 3rd period - Shot by Derek Stepan.
11:51 of 3rd period - Stopped by Marc-Andre Fleury without a rebound.
11:52 of 3rd period - Nick Schmaltz wins face-off versus Zemgus Girgensons in CALGARY Flames zone.
12:20 of 3rd period - Shot by Ondrej Palat.
12:20 of 3rd period - Deflect By Zemgus Girgensons.
12:20 of 3rd period - Stopped by Marc-Andre Fleury with a rebound.
12:22 of 3rd period - Shot by Zemgus Girgensons.
12:22 of 3rd period - Shot Misses the Net.
12:24 of 3rd period - Shot by Zemgus Girgensons.
12:24 of 3rd period - Stopped by Marc-Andre Fleury with a rebound.
12:26 of 3rd period - Shot by Ondrej Palat.
12:26 of 3rd period - Stopped by Marc-Andre Fleury without a rebound.
12:27 of 3rd period - Sidney Crosby wins face-off versus Mike Hoffman in CALGARY Flames zone.
12:46 of 3rd period - Shot by Christian Jaros.
12:46 of 3rd period - Deflect By Sean Couturier .
12:46 of 3rd period - Shot Misses the Net.
12:48 of 3rd period - Shot by Mike Hoffman.
12:48 of 3rd period - Shot Misses the Net.
12:50 of 3rd period - Shot by Tom Wilson.
12:50 of 3rd period - Shot Misses the Net.
12:52 of 3rd period - Shot by Nathan Beaulieu.
12:52 of 3rd period - Stopped by Marc-Andre Fleury with a rebound.
12:56 of 3rd period - Shot by Sean Couturier .
12:56 of 3rd period - Stopped by Marc-Andre Fleury without a rebound.
12:57 of 3rd period - Zemgus Girgensons wins face-off versus Sidney Crosby in CALGARY Flames zone.
12:57 of 3rd period - Zemgus Girgensons is hit by Seth Jones.
13:25 of 3rd period - Shot by Derek Stepan.
13:25 of 3rd period - Shot Blocked by Seth Jones.
13:27 of 3rd period - Shot by Derek Stepan.
13:27 of 3rd period - Stopped by Marc-Andre Fleury without a rebound.
13:28 of 3rd period - Nick Schmaltz wins face-off versus Sean Couturier in CALGARY Flames zone.
13:55 of 3rd period - Shot by Lucas Raymond.
13:55 of 3rd period - Shot Misses the Net.
13:57 of 3rd period - Shot by Erik Haula.
13:57 of 3rd period - Stopped by Marc-Andre Fleury with a rebound.
13:59 of 3rd period - Shot by Connor Brown.
13:59 of 3rd period - Shot Misses the Net.
14:05 of 3rd period - Shot by Erik Haula.
14:05 of 3rd period - Shot Misses the Net.
14:07 of 3rd period - Shot by Connor Brown.
14:07 of 3rd period - Stopped by Marc-Andre Fleury without a rebound.
14:08 of 3rd period - Derek Stepan wins face-off versus Sidney Crosby in CALGARY Flames zone.
14:13 of 3rd period - Shot by Ondrej Palat.
14:13 of 3rd period - Shot Misses the Net.
14:17 of 3rd period - Shot by Derek Stepan.
14:17 of 3rd period - Shot Misses the Net.
14:19 of 3rd period - Shot by Zemgus Girgensons.
14:19 of 3rd period - Stopped by Marc-Andre Fleury without a rebound.
14:20 of 3rd period - Sean Couturier wins face-off versus Jakub Voracek in CALGARY Flames zone.
14:45 of 3rd period - Shot by J.J Moser.
14:45 of 3rd period - Stopped by Brian Elliott with a rebound.
15:16 of 3rd period - Nathan Beaulieu is hit by Max Pacioretty and loses puck.
15:43 of 3rd period - Shot by Teuvo Teravainen.
15:43 of 3rd period - Stopped by Brian Elliott without a rebound.
15:44 of 3rd period - Erik Haula wins face-off versus Carter Rowney in SAN JOSE Sharks zone.
15:52 of 3rd period - Erik Haula is hit by Juuso Valimaki and loses puck.
16:57 of 3rd period - Shot by Sidney Crosby.
16:57 of 3rd period - Shot Misses the Net.
17:02 of 3rd period - Cody Ceci is hit by Miro Heiskanen and loses puck.
17:09 of 3rd period - Shot by Zemgus Girgensons.
17:09 of 3rd period - Stopped by Marc-Andre Fleury without a rebound.
17:10 of 3rd period - Nick Schmaltz wins face-off versus Michael McLeod in CALGARY Flames zone.
17:19 of 3rd period - Shot by Nick Schmaltz.
17:19 of 3rd period - Shot Misses the Net.
17:21 of 3rd period - Shot by Ryan Suter.
17:21 of 3rd period - Stopped by Brian Elliott without a rebound.
17:22 of 3rd period - Sidney Crosby wins face-off versus Sean Couturier in SAN JOSE Sharks zone.
17:28 of 3rd period - Icing by Rasmus Ristolainen.
17:29 of 3rd period - Sean Couturier wins face-off versus Nick Schmaltz in SAN JOSE Sharks zone.
18:44 of 3rd period - Shot by Ondrej Palat.
18:44 of 3rd period - Stopped by Marc-Andre Fleury without a rebound.
18:45 of 3rd period - Sidney Crosby wins face-off versus Erik Haula in CALGARY Flames zone.
18:57 of 3rd period - Off-side.
18:58 of 3rd period - Ryan Hartman wins face-off versus Zemgus Girgensons in neutral zone.
19:23 of 3rd period - Shot by Andrew Cogliano.
19:23 of 3rd period - Goal by Andrew Cogliano - CALGARY Flames : 6 - SAN JOSE Sharks : 3.
19:24 of 3rd period - Sidney Crosby wins face-off versus Sean Couturier in neutral zone.
19:27 of 3rd period - Shot by Kevin Fiala.
19:27 of 3rd period - Stopped by Brian Elliott without a rebound.
19:28 of 3rd period - Sidney Crosby wins face-off versus Sean Couturier in SAN JOSE Sharks zone.
19:33 of 3rd period - Shot by Sidney Crosby.
19:33 of 3rd period - Deflect By Teuvo Teravainen.
19:33 of 3rd period - Shot Misses the Net.
19:35 of 3rd period - Shot by Seth Jones.
19:35 of 3rd period - Goal by Seth Jones - CALGARY Flames : 7 - SAN JOSE Sharks : 3.
19:36 of 3rd period - Sidney Crosby wins face-off versus Zemgus Girgensons in neutral zone.
19:51 of 3rd period - Shot by Derek Stepan.
19:51 of 3rd period - Shot Misses the Net.
19:53 of 3rd period - Shot by Zemgus Girgensons.
19:53 of 3rd period - Shot Misses the Net.
Goals for this period are 5 for CALGARY Flames vs 0 for SAN JOSE Sharks .
Shots for this period are 16 for CALGARY Flames vs 17 for SAN JOSE Sharks .